[Event "Titled Tuesday Blitz August 08 Early 2023"]
[White "Moral Garcia, Serafin"]
[Black "Aradhya, Garg"]
[WhiteFideId "2201925"]
[BlackFideId "25006746"]
[WhiteElo "2555"]
[BlackElo "2760"]
[Result "0-1"]
[Round "5"]
[TimeControl "180+1"]
[Date "2023.08.08"]
[WhiteClock "0:00:28"]
[BlackClock "0:01:22"]
[Board "77"]

1. e4 e5 2. Nf3 Nc6 3. Nc3 Nf6 4. Nxe5 Nxe5 5. d4 Ng6 6. e5 Ng8 7. Bc4 d5 8. Bxd5 c6 9. Bb3 N8e7 10. h4 h5 11. Bg5 Be6 12. Bxe6 fxe6 13. Ne4 Qa5+ 14. Bd2 Qb6 15. Nd6+ Kd7 16. c3 Nf5 17. Nxf5 exf5 18. Qc2 Ne7 19. Bg5 g6 20. O-O Bh6 21. Bxe7 Kxe7 22. Rad1 Rhd8 23. f4 Rd5 24. Kh1 Rad8 25. Rd3 c5 26. Rg3 cxd4 27. cxd4 Rxd4 28. e6 Qxe6 29. Qc7+ R8d7 30. Qc8 Rd1 31. Qc5+ Kf7 32. Rf3 Qe2 33. Rxd1 Qxd1+ 34. Kh2 Qd4 0-1


[Site "https://www.chess.com"]

[Event "Titled Tuesday Blitz August 08 Early 2023"]
[White "Jaferian, Koosha"]
[Black "Camilla_Lee"]
[WhiteFideId "12507440"]
[WhiteElo "2713"]
[BlackElo "2546"]
[Result "1/2-1/2"]
[Round "5"]
[TimeControl "180+1"]
[Date "2023.08.08"]
[WhiteClock "0:01:32"]
[BlackClock "0:01:46"]
[Board "78"]

1. Nf3 Nf6 2. b3 d5 3. Bb2 c6 4. g3 Bg4 5. Bg2 Nbd7 6. O-O e6 7. d4 Bxf3 8. Bxf3 Bd6 9. Nd2 e5 10. dxe5 Bxe5 11. Qc1 Bxb2 12. Qxb2 O-O 13. e4 dxe4 14. Nxe4 Nxe4 15. Bxe4 Qf6 16. Qxf6 Nxf6 17. Bf3 Rad8 18. Rad1 Rfe8 19. Kg2 Kf8 20. c4 Rxd1 21. Rxd1 Ke7 22. g4 Nd7 23. Be4 h6 24. f4 Nc5 25. Bc2 Rd8 26. Rxd8 Kxd8 27. Kf3 Ke7 28. h4 a5 29. g5 hxg5 30. fxg5 g6 31. Ke3 Kd6 32. Bd1 Ne6 33. Bg4 Ke5 1/2-1/2


[Site "https://www.chess.com"]

[Event "Titled Tuesday Blitz August 08 Early 2023"]
[White "jumpingknight20"]
[Black "ArtemDyachuk"]
[WhiteElo "2695"]
[BlackElo "2537"]
[Result "0-1"]
[Round "5"]
[TimeControl "180+1"]
[Date "2023.08.08"]
[WhiteClock "0:00:04"]
[BlackClock "0:00:03"]
[Board "79"]

1. e4 c6 2. d4 d5 3. e5 Bf5 4. Nf3 e6 5. Be2 Nd7 6. O-O a6 7. Nbd2 h6 8. Nb3 Ne7 9. a4 Bh7 10. a5 Nf5 11. c4 Be7 12. h3 O-O 13. Bf4 Rc8 14. c5 f6 15. Bd3 fxe5 16. Nxe5 Nxe5 17. Bxe5 Bf6 18. Re1 Qe8 19. Ra4 Qf7 20. Rb4 Bh4 21. Qe2 Rce8 22. Nd2 Bd8 23. Ra4 g5 24. Nf1 Bg6 25. Ra3 Kh7 26. Ng3 Nh4 27. Bxg6+ Nxg6 28. Rf3 Qg8 29. Rxf8 Rxf8 30. Bd6 Re8 31. b4 Qf7 32. Qg4 Bf6 33. Kh1 Bh8 34. Re2 Bg7 35. Nh5 Bh8 36. Rd2 Qf5 37. Qg3 Nh4 38. Re2 Qb1+ 39. Kh2 Nf5 40. Qg4 Nxd4 41. Re3 Qf5 42. Qg3 Qg6 43. Qg4 Nf5 44. Re1 e5 45. f3 e4 46. fxe4 Nxd6 47. cxd6 Qxd6+ 48. Kh1 Rxe4 49. Rxe4 dxe4 50. Qxe4+ Kg8 51. Qe8+ Qf8 52. Qe6+ Qf7 53. Qxh6 Qf1+ 54. Kh2 Be5+ 55. g3 Qf2+ 56. Kh1 Qf1+ 57. Kh2 Qe2+ 58. Kh1 Qd1+ 59. Kh2 Qd2+ 60. Kh1 Qe1+ 61. Kh2 Qf2+ 62. Kh1 Qf3+ 63. Kh2 Qf5 64. Kg2 Qe4+ 65. Kh2 Qf5 66. Kg2 Bd4 67. h4 Qe4+ 68. Kh2 Qe2+ 69. Kh1 Qf1+ 70. Kh2 Bg1+ 71. Kh1 Be3+ 72. Kh2 Qe2+ 73. Kh1 Qf3+ 74. Kh2 Qe2+ 75. Kh1 Qd1+ 76. Kh2 Qc2+ 77. Kh1 Qe4+ 78. Kh2 Qf5 79. Nf6+ Kf7 80. Nh5 Qf2+ 81. Kh1 Qf1+ 82. Kh2 Bg1+ 83. Kh1 Bd4+ 84. Kh2 Qe2+ 85. Kh1 Qe4+ 86. Kh2 g4 87. Qg5 Qe2+ 88. Kh1 Qf1+ 89. Kh2 Qg1# 0-1


[Site "https://www.chess.com"]

[Event "Titled Tuesday Blitz August 08 Early 2023"]
[White "Berezin, Viktor"]
[Black "Ioannidis, Evgenios"]
[WhiteFideId "14107872"]
[BlackFideId "4229274"]
[WhiteElo "2535"]
[BlackElo "2679"]
[Result "0-1"]
[Round "5"]
[TimeControl "180+1"]
[Date "2023.08.08"]
[WhiteClock "0:01:31"]
[BlackClock "0:01:14"]
[Board "80"]

1. d4 Nf6 2. Nf3 d5 3. c4 e6 4. g3 dxc4 5. Qa4+ Nbd7 6. Qxc4 a6 7. Bg2 b5 8. Qc2 Bb7 9. O-O c5 10. dxc5 Bxc5 11. a3 Rc8 12. Qd1 Ne4 13. b4 Ba7 14. Bb2 O-O 15. Bd4 Bxd4 16. Qxd4 Ndf6 17. Qa7 Qc7 18. a4 bxa4 19. Na3 Nc3 20. Qe3 Nfd5 21. Qd4 Nxe2+ 0-1


[Site "https://www.chess.com"]

[Event "Titled Tuesday Blitz August 08 Early 2023"]
[White "Fus, Jakub"]
[Black "Gontcharov, Vladislav"]
[WhiteFideId "1193023"]
[BlackFideId "4123492"]
[WhiteElo "2670"]
[BlackElo "2530"]
[Result "1/2-1/2"]
[Round "5"]
[TimeControl "180+1"]
[Date "2023.08.08"]
[WhiteClock "0:00:34"]
[BlackClock "0:00:15"]
[Board "81"]

1. e4 e6 2. d4 d5 3. exd5 exd5 4. Nf3 Nc6 5. Bb5 Bd6 6. c4 dxc4 7. d5 a6 8. Ba4 b5 9. dxc6 bxa4 10. O-O Ne7 11. Nbd2 Be6 12. Qxa4 Rb8 13. Nxc4 Rb4 14. Nxd6+ Qxd6 15. Qxa6 O-O 16. b3 Bd5 17. Ba3 Bxf3 18. Bxb4 Qg6 19. g3 Qg4 20. Qd3 Ng6 21. Bxf8 Nf4 22. Qxf3 Qxf3 23. gxf4 Qg4+ 24. Kh1 Qf3+ 25. Kg1 Qg4+ 26. Kh1 Qf3+ 27. Kg1 1/2-1/2


[Site "https://www.chess.com"]

[Event "Titled Tuesday Blitz August 08 Early 2023"]
[White "Aaditya Dhingra"]
[Black "Shukhman, Anna"]
[WhiteFideId "25678191"]
[BlackFideId "54180058"]
[WhiteElo "2668"]
[BlackElo "2529"]
[Result "1-0"]
[Round "5"]
[TimeControl "180+1"]
[Date "2023.08.08"]
[WhiteClock "0:01:17"]
[BlackClock "0:01:24"]
[Board "82"]

1. d4 Nf6 2. c4 g6 3. Nc3 d5 4. Bg5 Bg7 5. Nf3 Ne4 6. cxd5 Nxg5 7. Nxg5 c5 8. dxc5 Qa5 9. Qa4+ Qxa4 10. Nxa4 O-O 11. e3 Rd8 12. Rd1 Bf5 13. Nc3 Nd7 14. e4 h6 15. Nxf7 Kxf7 16. exf5 Nxc5 17. fxg6+ Kxg6 18. h4 Rac8 19. Rh3 Kf7 20. Be2 a6 21. Bg4 Rc7 22. b4 Bxc3+ 23. Rxc3 Rg8 24. Bh5+ 1-0


[Site "https://www.chess.com"]

[Event "Titled Tuesday Blitz August 08 Early 2023"]
[White "Petrosian, Karlen"]
[Black "Glavina, Pablo"]
[WhiteFideId "4176146"]
[BlackFideId "100234"]
[WhiteElo "2665"]
[BlackElo "2515"]
[Result "1-0"]
[Round "5"]
[TimeControl "180+1"]
[Date "2023.08.08"]
[WhiteClock "0:00:10"]
[BlackClock "0:00:47"]
[Board "83"]

1. e4 c6 2. Nf3 d5 3. d3 Bg4 4. h3 Bh5 5. g4 Bg6 6. h4 h5 7. Ne5 Bh7 8. g5 e6 9. Qxh5 Qc7 10. Nf3 Na6 11. g6 fxg6 12. Qg4 Nc5 13. e5 O-O-O 14. Nc3 Kb8 15. Bf4 Nh6 16. Qg2 Nf5 17. Ng5 Bg8 18. Qg4 Be7 19. Be2 Re8 20. d4 Nxd4 21. O-O-O Nf5 22. Kb1 Nd7 23. Bd3 Nxe5 24. Qe2 Nxd3 25. Bxc7+ Kxc7 26. cxd3 Bd6 27. d4 e5 28. dxe5 Bxe5 29. Qd2 Bf6 30. Nf3 Be6 31. Ka1 Bd7 32. Qf4+ Kc8 33. Rdg1 Rh6 34. a3 Reh8 35. Ka2 Be6 36. Re1 Bf7 37. Qg4 d4+ 38. Ka1 dxc3 39. bxc3 Bd5 40. Kb1 Kc7 41. Qf4+ Kb6 42. c4 Bxf3 43. Qxf3 Rxh4 44. Rxh4 Rxh4 45. Qb3+ Kc7 46. Qb4 Rd4 47. Qa5+ Kb8 48. Re8+ 1-0


[Site "https://www.chess.com"]

[Event "Titled Tuesday Blitz August 08 Early 2023"]
[White "Nagare Kaivalya Sandip"]
[Black "Jovic, Stanoje"]
[WhiteFideId "25957929"]
[BlackFideId "905020"]
[WhiteElo "2659"]
[BlackElo "2498"]
[Result "1-0"]
[Round "5"]
[TimeControl "180+1"]
[Date "2023.08.08"]
[WhiteClock "0:00:11"]
[BlackClock "0:00:00"]
[Board "84"]

1. e4 c6 2. d4 d5 3. e5 c5 4. Nf3 Nc6 5. c3 cxd4 6. cxd4 Bg4 7. Be3 e6 8. Nbd2 Qb6 9. Bd3 Qxb2 10. O-O Bb4 11. Rb1 Qxa2 12. Bb5 Bxd2 13. Bxd2 Bxf3 14. gxf3 Ne7 15. Bc3 Qa3 16. Qc2 Nf5 17. Bxc6+ bxc6 18. Bb4 Qa6 19. Bc5 f6 20. Rfe1 Kf7 21. exf6 gxf6 22. Rxe6 Rhg8+ 23. Kh1 Rab8 24. Rbe1 Rg5 25. f4 Rh5 26. Qd1 Rh4 27. Re7+ Kg8 28. Rg1+ Kh8 29. Rxa7 Qc4 30. Qb1 Qb5 31. Qxf5 Rh6 32. Qd7 1-0


[Site "https://www.chess.com"]

[Event "Titled Tuesday Blitz August 08 Early 2023"]
[White "Sagita, Catur Adi"]
[Black "Vovk, Orest"]
[WhiteFideId "7104618"]
[BlackFideId "14113490"]
[WhiteElo "2651"]
[BlackElo "2488"]
[Result "1-0"]
[Round "5"]
[TimeControl "180+1"]
[Date "2023.08.08"]
[WhiteClock "0:00:11"]
[BlackClock "0:00:06"]
[Board "85"]

1. d4 h6 2. c4 g5 3. Nc3 Bg7 4. e4 c5 5. Nge2 Nc6 6. Be3 cxd4 7. Nxd4 d6 8. Be2 Nf6 9. O-O Bd7 10. Rc1 Ne5 11. f3 Ng6 12. Qd2 Nh5 13. Rfd1 Nhf4 14. Bf1 Be5 15. Nd5 Nxd5 16. cxd5 O-O 17. g3 Kh7 18. Kh1 e6 19. dxe6 fxe6 20. Bg2 Qf6 21. Rc7 Rf7 22. Rxb7 Raf8 23. Rxa7 Bc8 24. Rxf7+ Rxf7 25. b4 Bb7 26. b5 d5 27. Nc6 Bxc6 28. bxc6 dxe4 29. fxe4 Nf4 30. Rf1 h5 31. gxf4 gxf4 32. Qe2 Qh4 33. Bf2 Qg5 34. Qf3 Kh6 35. Rg1 Rg7 36. Bh3 Qf6 37. Rxg7 Qxg7 38. Bxe6 Qe7 39. Bd5 Qb4 40. Kg2 Qf8 41. h4 Qg7+ 42. Kh2 Qf8 43. a4 Qg7 44. a5 Qg4 45. Qxg4 hxg4 46. a6 g3+ 47. Bxg3 fxg3+ 48. Kg2 Bb8 49. a7 Bxa7 50. c7 Be3 51. c8=Q Kh5 52. Qf5+ Kxh4 53. Qh3+ Kg5 54. Qxg3+ Kh5 55. Qxe3 Kh4 56. Qh6+ Kg4 57. Be6# 1-0


[Site "https://www.chess.com"]

[Event "Titled Tuesday Blitz August 08 Early 2023"]
[White "Mammadzada, Gunay"]
[Black "Freitag, Manfred"]
[WhiteFideId "13403729"]
[BlackFideId "1602004"]
[WhiteElo "2496"]
[BlackElo "2649"]
[Result "1-0"]
[Round "5"]
[TimeControl "180+1"]
[Date "2023.08.08"]
[WhiteClock "0:00:18"]
[BlackClock "0:00:00"]
[Board "86"]

1. e4 c6 2. Nf3 d5 3. d3 dxe4 4. dxe4 Qxd1+ 5. Kxd1 Nf6 6. Nbd2 Bg4 7. Bd3 Nbd7 8. h3 Bxf3+ 9. Nxf3 g6 10. b4 Bg7 11. Bb2 O-O 12. Ke2 Rfd8 13. Rhd1 a5 14. a3 Nh5 15. Bxg7 Nf4+ 16. Kf1 Kxg7 17. Bc4 Nb6 18. Bb3 a4 19. Ba2 Nh5 20. Ng5 Rf8 21. Rd2 h6 22. Nf3 Nf6 23. Re1 Rfd8 24. Re3 Rxd2 25. Nxd2 Rd8 26. Ke2 e5 27. Rd3 Rxd3 28. Kxd3 Kf8 29. c3 Ke7 30. c4 c5 31. Nb1 Nfd7 32. Nc3 Kd6 33. Bb1 f5 34. Bc2 1-0


[Site "https://www.chess.com"]

[Event "Titled Tuesday Blitz August 08 Early 2023"]
[White "Weishaeutel, Moritz"]
[Black "Shuvalov, Evgenij"]
[WhiteFideId "12967300"]
[BlackFideId "4187237"]
[WhiteElo "2646"]
[BlackElo "2484"]
[Result "1-0"]
[Round "5"]
[TimeControl "180+1"]
[Date "2023.08.08"]
[WhiteClock "0:01:11"]
[BlackClock "0:00:25"]
[Board "87"]

1. e4 e6 2. d4 d5 3. exd5 exd5 4. Nf3 Nf6 5. Bd3 c5 6. O-O c4 7. Re1+ Be7 8. Bf1 O-O 9. b3 cxb3 10. axb3 Nc6 11. Ne5 Bf5 12. Nxc6 bxc6 13. Ba3 Bxa3 14. Nxa3 a5 15. Bd3 Bxd3 16. Qxd3 Qd6 17. c4 Rfe8 18. c5 Qf4 19. Nc2 Ng4 20. Qg3 Qd2 21. Qxg4 Qxc2 22. Qd7 Re2 23. Qxc6 Rf8 24. Rxe2 Qxe2 25. Qxd5 Re8 26. g3 g6 27. c6 Qb2 28. Rf1 Qc3 29. Qd7 Re1 30. c7 Rxf1+ 31. Kxf1 Qd3+ 32. Kg2 Qe4+ 33. Kh3 Kg7 34. c8=Q h5 35. Qcc7 Qf3 36. Qf4 1-0


[Site "https://www.chess.com"]

[Event "Titled Tuesday Blitz August 08 Early 2023"]
[White "Saya, Ethan"]
[Black "Jumanov, Elbek"]
[WhiteFideId "26095181"]
[BlackFideId "14202905"]
[WhiteElo "2633"]
[BlackElo "2427"]
[Result "1/2-1/2"]
[Round "5"]
[TimeControl "180+1"]
[Date "2023.08.08"]
[WhiteClock "0:00:02"]
[BlackClock "0:00:13"]
[Board "88"]

1. d4 Nf6 2. c4 c5 3. d5 b5 4. cxb5 a6 5. bxa6 g6 6. Nc3 Bxa6 7. e4 Bxf1 8. Kxf1 d6 9. g3 Bg7 10. Kg2 O-O 11. Nf3 Nbd7 12. Qc2 Qa5 13. Bd2 Qa6 14. a4 Rfb8 15. Nb5 Rb7 16. Bc3 Ng4 17. Bxg7 Kxg7 18. b3 Qa5 19. Rac1 Qb4 20. Qc3+ Qxc3 21. Rxc3 f6 22. Nd2 Nb6 23. h3 Ne5 24. f4 Ned7 25. g4 f5 26. Rd3 Nf6 27. Nc3 fxe4 28. Ndxe4 c4 29. bxc4 Nxc4 30. Nxf6 Kxf6 31. Ne4+ Kg7 32. Ra1 Rb4 33. Nc3 Rb3 34. Rf3 Nd2 35. Rg3 Rf8 36. Ne4 Rb2 37. Nxd2 Rxd2+ 38. Kf3 Rd3+ 39. Kg2 Rd2+ 40. Kf3 Rd3+ 41. Kg2 Rd4 42. a5 Rxd5 43. a6 Ra8 44. a7 Rb5 45. Re3 Rb7 46. Rea3 Kf7 47. Kf3 Rc7 48. Ke4 Rb7 49. Ra6 Rc7 50. R1a4 Rc5 51. R6a5 Rc7 52. Kf3 Rb7 53. Ra3 Rc7 54. h4 h6 55. h5 Rb7 56. hxg6+ Kxg6 57. Ra6 Kf7 58. Kg3 Kg6 59. Kh4 Rc7 60. R6a5 Rb7 61. f5+ Kf6 62. Kh5 Kg7 63. Ra2 Rb3 64. Kh4 Rc3 65. Re2 Rc7 66. Rea2 Rc1 67. Ra6 Rh1+ 68. Kg3 Rg1+ 69. Rg2 Rc1 70. Re2 Rc7 71. Rea2 Rc3+ 72. Kh4 Rc4 73. R6a4 Rc7 74. Kh5 Rc1 75. Kh4 Rh1+ 76. Kg3 Rg1+ 77. Kf2 Rc1 78. Ke3 Rc7 79. Ke4 Rc5 80. Kd4 Rc7 81. Kd5 Kf7 82. Ra6 Kf6 83. Ke4 Rc4+ 84. Kf3 Rc3+ 85. Kg2 Rc4 86. Kg3 Rc3+ 87. Kf2 Rc4 88. Kf3 Kg5 89. Rb2 Rc3+ 90. Ke4 Rc7 91. Rba2 Rc4+ 92. Kd5 Rc5+ 93. Ke6 Kxg4 94. Kxe7 Kxf5 95. Kxd6 Rb5 96. R2a5 Rxa5 97. Rxa5+ Kg4 98. Kc7 h5 99. Kb7 Rxa7+ 100. Rxa7 h4 101. Ra4+ Kg3 102. Kc6 h3 103. Kd5 Kg2 104. Ke4 h2 105. Ra2+ Kg3 106. Ra3+ Kg2 107. Ra2+ Kg3 108. Ra1 Kg2 109. Ra2+ 1/2-1/2


[Site "https://www.chess.com"]

[Event "Titled Tuesday Blitz August 08 Early 2023"]
[White "Erzhanov, Arman"]
[Black "Korkmaz, Necmettin"]
[WhiteFideId "4138821"]
[BlackFideId "6303285"]
[WhiteElo "2617"]
[BlackElo "2469"]
[Result "1-0"]
[Round "5"]
[TimeControl "180+1"]
[Date "2023.08.08"]
[WhiteClock "0:00:05"]
[BlackClock "0:00:12"]
[Board "89"]

1. e4 e5 2. Nf3 Nc6 3. Bb5 a6 4. Bxc6 dxc6 5. Nc3 Bd6 6. d4 exd4 7. Qxd4 f6 8. Be3 Be6 9. O-O-O Qe7 10. Rhe1 Qf7 11. Kb1 Ne7 12. Qd2 Ng6 13. Nd4 Bd7 14. f4 O-O-O 15. g3 Rhe8 16. a3 c5 17. Nf3 Bc6 18. Qf2 b6 19. Bc1 b5 20. Nd5 Kb7 21. h4 Ne7 22. Nc3 Nc8 23. Be3 b4 24. Na2 b3 25. Nc3 c4 26. cxb3 cxb3 27. Nd2 Nb6 28. Bc5 Nc4 29. Bxd6 Nxd2+ 30. Rxd2 Rxd6 31. Rxd6 cxd6 32. Qd4 Qe6 33. Re3 f5 34. e5 Rd8 35. Qb4+ Kc8 36. Qb6 Bb7 37. Nb5 Qd7 38. Rc3+ Kb8 39. Qa7# 1-0


[Site "https://www.chess.com"]

[Event "Titled Tuesday Blitz August 08 Early 2023"]
[White "Nathan, Nitish"]
[Black "NovoselovRoman"]
[WhiteFideId "30927870"]
[WhiteElo "2394"]
[BlackElo "2614"]
[Result "0-1"]
[Round "5"]
[TimeControl "180+1"]
[Date "2023.08.08"]
[WhiteClock "0:00:35"]
[BlackClock "0:00:25"]
[Board "90"]

1. d4 d5 2. Bf4 e6 3. e3 Bd6 4. Bg3 Ne7 5. Nf3 c5 6. c3 Nbc6 7. Nbd2 cxd4 8. exd4 Nf5 9. Bd3 h5 10. Bxd6 Nxd6 11. h4 Bd7 12. Qe2 Qf6 13. Ne5 Nf5 14. Bxf5 Qxf5 15. Nxd7 Kxd7 16. Qf3 Ne7 17. Qxf5 Nxf5 18. Nf3 f6 19. Kd2 Nd6 20. Rhf1 b5 21. a4 b4 22. cxb4 Rab8 23. b5 a6 24. bxa6 Rxb2+ 25. Kc3 Rhb8 26. Nd2 Ne4+ 27. Kd3 Rxd2+ 28. Ke3 Rb3+ 29. Kf4 Nxf2 30. Rxf2 Rxd4# 0-1


[Site "https://www.chess.com"]

[Event "Titled Tuesday Blitz August 08 Early 2023"]
[White "Mazurkiewicz, Michal"]
[Black "Malek, Jan"]
[WhiteFideId "1124943"]
[BlackFideId "21864080"]
[WhiteElo "2380"]
[BlackElo "2602"]
[Result "0-1"]
[Round "5"]
[TimeControl "180+1"]
[Date "2023.08.08"]
[WhiteClock "0:00:13"]
[BlackClock "0:01:38"]
[Board "91"]

1. e4 b6 2. g3 Bb7 3. Bg2 e6 4. d3 g6 5. Nf3 Bg7 6. O-O Ne7 7. Re1 d6 8. d4 Nd7 9. c4 a6 10. Nc3 h6 11. Be3 g5 12. h3 Ng6 13. b4 Qe7 14. Qc2 O-O 15. Nh2 c5 16. bxc5 bxc5 17. d5 Nde5 18. Na4 Rab8 19. Rab1 Ba8 20. f4 gxf4 21. gxf4 Nd7 22. f5 Nge5 23. Ng4 Nxg4 24. hxg4 Ne5 25. Qe2 Qh4 26. Rxb8 Rxb8 27. fxe6 fxe6 28. dxe6 Nxg4 29. Bf4 Bd4+ 30. Kf1 Rf8 31. Qf3 Nh2+ 32. Bxh2 Rxf3+ 33. Bxf3 Qf2# 0-1


[Site "https://www.chess.com"]

[Event "Titled Tuesday Blitz August 08 Early 2023"]
[White "Lacasa Diaz, Jose Antonio"]
[Black "Aslanov, Umid"]
[WhiteFideId "2203375"]
[BlackFideId "13412620"]
[WhiteElo "2380"]
[BlackElo "2598"]
[Result "1-0"]
[Round "5"]
[TimeControl "180+1"]
[Date "2023.08.08"]
[WhiteClock "0:00:22"]
[BlackClock "0:00:05"]
[Board "92"]

1. Nf3 d5 2. e3 Nf6 3. c4 e6 4. b3 dxc4 5. bxc4 c5 6. Be2 b6 7. O-O Bd6 8. Nc3 O-O 9. d4 cxd4 10. exd4 Bb7 11. Bb2 Nc6 12. Rc1 Rc8 13. d5 exd5 14. cxd5 Ne7 15. Nb5 Nfxd5 16. Rxc8 Bxc8 17. Nxa7 Bg4 18. Nb5 Bc5 19. h3 Bh5 20. Ne5 Bxe2 21. Qxe2 Qc8 22. Nd3 Qf5 23. Nxc5 bxc5 24. Rc1 Qc8 25. Nd6 Qd7 26. Ne4 Nf4 27. Qf3 Nd3 28. Rd1 c4 29. Nf6+ gxf6 30. Qxf6 1-0


[Site "https://www.chess.com"]

[Event "Titled Tuesday Blitz August 08 Early 2023"]
[White "Megaranto, Susanto"]
[Black "KorolDimitriy75"]
[WhiteFideId "7101384"]
[WhiteElo "2970"]
[BlackElo "2385"]
[Result "1-0"]
[Round "5"]
[TimeControl "180+1"]
[Date "2023.08.08"]
[WhiteClock "0:01:30"]
[BlackClock "0:00:00"]
[Board "93"]

1. e4 c5 2. Nf3 d6 3. d4 cxd4 4. Nxd4 Nf6 5. Nc3 g6 6. f4 Nbd7 7. Nf3 Bg7 8. e5 Ng4 9. h3 Nh6 10. Bc4 O-O 11. e6 fxe6 12. Bxe6+ Kh8 13. O-O Nc5 14. Bc4 Nf5 15. Ng5 e6 16. Kh2 d5 17. Bd3 h6 18. Nf3 Nxd3 19. Qxd3 Bd7 20. Bd2 Be8 21. Rae1 Bf7 22. Ne5 Kh7 23. Nxf7 Rxf7 24. Rxe6 d4 25. Ne4 Qd5 26. Qb3 Rd8 27. Qxd5 Rxd5 28. Rf3 Rc7 29. c3 dxc3 30. Bxc3 Bxc3 31. bxc3 Ra5 32. Rf2 Ra4 33. g4 Nh4 34. Nf6+ Kg7 35. Ne8+ Kf7 36. Nxc7 Rc4 37. f5 Rxc7 38. Rd6 g5 39. Rxh6 Rxc3 40. Rh7+ Kf6 41. Rxb7 Nf3+ 42. Rxf3 Rxf3 43. Rxa7 1-0


[Site "https://www.chess.com"]

[Event "Titled Tuesday Blitz August 08 Early 2023"]
[White "Javakhadze, Zurab"]
[Black "Sidletskyi, Ivan"]
[WhiteFideId "13603647"]
[BlackFideId "14156024"]
[WhiteElo "2798"]
[BlackElo "2518"]
[Result "1/2-1/2"]
[Round "5"]
[TimeControl "180+1"]
[Date "2023.08.08"]
[WhiteClock "0:00:02"]
[BlackClock "0:00:10"]
[Board "94"]

1. d4 Nf6 2. c4 e6 3. Nf3 d5 4. Qc2 Nbd7 5. Bg5 h6 6. Bh4 c6 7. e3 g5 8. Bg3 Ne4 9. Nc3 f5 10. Be2 Nxg3 11. hxg3 Qf6 12. O-O-O Bd6 13. cxd5 exd5 14. Bd3 Nb6 15. Rh5 Be6 16. Rdh1 O-O-O 17. Nb5 Bb8 18. a4 Nc4 19. Bxc4 dxc4 20. Nc3 Bc7 21. Nd2 Bf7 22. R5h2 h5 23. Ncb1 h4 24. Nxc4 hxg3 25. fxg3 Rxh2 26. Rxh2 Bxg3 27. Rh1 f4 28. Nbd2 fxe3 29. Ne4 Qxd4 30. Nxg3 Qxc4 31. Re1 Qxc2+ 32. Kxc2 Rd2+ 33. Kc3 Rxg2 34. Rxe3 Bd5 35. Nf5 Kc7 36. Re7+ Kb6 37. b4 a5 38. Nd6 axb4+ 39. Kxb4 c5+ 40. Kc3 Rg3+ 41. Kd2 Ra3 42. Nc8+ Ka5 43. Re5 Bc6 44. Rxc5+ Kxa4 45. Nb6+ Kb4 46. Rxg5 Ra2+ 47. Kc1 Rf2 48. Rg3 Bb5 49. Nd5+ Kc5 50. Nc3 Rf8 51. Ne4+ Kb6 52. Rg6+ Bc6 53. Nc3 Ka5 54. Rg5+ b5 55. Kb2 Rf2+ 56. Kb3 Rf3 57. Kb2 Bd7 58. Rd5 Be8 59. Re5 Bd7 60. Rd5 Be8 61. Re5 Bd7 62. Ne4 Kb4 63. Nd2 Rf2 64. Re4+ Kc5 65. Kc3 b4+ 66. Rxb4 Rxd2 67. Rc4+ Kd5 68. Kxd2 Kxc4 1/2-1/2


[Site "https://www.chess.com"]

[Event "Titled Tuesday Blitz August 08 Early 2023"]
[White "Zelbel, Patrick"]
[Black "Lehtosaari, Mauri"]
[WhiteFideId "24624322"]
[BlackFideId "501999"]
[WhiteElo "2762"]
[BlackElo "2515"]
[Result "1-0"]
[Round "5"]
[TimeControl "180+1"]
[Date "2023.08.08"]
[WhiteClock "0:01:27"]
[BlackClock "0:00:59"]
[Board "95"]

1. e4 c5 2. Nf3 e6 3. b4 cxb4 4. a3 Nf6 5. e5 Nd5 6. axb4 Bxb4 7. Be2 O-O 8. O-O f6 9. d4 fxe5 10. dxe5 Nc6 11. Bc4 Nf4 12. Ra4 Bc5 13. Bxf4 Rxf4 14. Bxe6+ dxe6 15. Rxf4 Qe7 16. Nc3 b6 17. Ne4 Ba6 18. Re1 Bb4 19. c3 Ba5 20. Re3 Rd8 21. Qb1 h6 22. h4 Qd7 23. Nd6 Nxe5 24. Nxe5 Qxd6 25. Rd4 Qe7 26. Nc6 1-0


[Site "https://www.chess.com"]

[Event "Titled Tuesday Blitz August 08 Early 2023"]
[White "ATM622"]
[Black "Mekhitarian, Krikor Sevag"]
[BlackFideId "2107660"]
[WhiteElo "2510"]
[BlackElo "2742"]
[Result "0-1"]
[Round "5"]
[TimeControl "180+1"]
[Date "2023.08.08"]
[WhiteClock "0:02:06"]
[BlackClock "0:02:08"]
[Board "96"]

1. d4 Nf6 2. c4 g6 3. g3 Bg7 4. Bg2 d5 5. Nf3 dxc4 6. O-O O-O 7. Ne5 Ne8 8. e3 Nd6 9. Nd2 Be6 10. Bxb7 Nxb7 11. Qf3 c6 12. Nxc6 Nxc6 13. Qxc6 Bd5 14. Qa6 Nd6 15. f3 f5 16. Qa5 Qxa5 0-1


[Site "https://www.chess.com"]

[Event "Titled Tuesday Blitz August 08 Early 2023"]
[White "Hirneise, Jens"]
[Black "Wagner, Dennis"]
[WhiteFideId "24614734"]
[BlackFideId "24650684"]
[WhiteElo "2509"]
[BlackElo "2733"]
[Result "0-1"]
[Round "5"]
[TimeControl "180+1"]
[Date "2023.08.08"]
[WhiteClock "0:00:08"]
[BlackClock "0:00:09"]
[Board "97"]

1. c4 e5 2. Nc3 Nf6 3. d3 d5 4. cxd5 Nxd5 5. Bd2 Be7 6. Nf3 f6 7. g3 c5 8. Bg2 Be6 9. O-O Nc6 10. a3 O-O 11. Rc1 Qd7 12. Ne1 Nc7 13. Nc2 Rac8 14. Ne3 b6 15. Kh1 Rfd8 16. f4 exf4 17. gxf4 Nd4 18. Qe1 Bh3 19. Qg3 Bxg2+ 20. Qxg2 Bf8 21. f5 Kh8 22. Ne4 Nd5 23. Nxd5 Qxd5 24. Qg4 c4 25. Rxc4 Rxc4 26. dxc4 Qxc4 27. Bc3 Nxe2 28. Re1 Nxc3 29. bxc3 Bxa3 30. Qg2 Re8 31. Re2 Bf8 32. h3 a5 33. Re3 Re5 34. Nd2 Qd5 35. Qxd5 Rxd5 36. Re8 Kg8 37. Nc4 Rxf5 38. Nxb6 Rf3 39. Nd7 Kf7 40. Rxf8+ Ke7 41. Ra8 Kxd7 42. Ra7+ Ke6 43. Kg2 Rxc3 44. Rxg7 h5 45. Ra7 Rc5 46. Kg3 Kd5 47. Ra6 Kc4 48. Rxf6 a4 49. Ra6 Kb4 0-1


[Site "https://www.chess.com"]

[Event "Titled Tuesday Blitz August 08 Early 2023"]
[White "Skvortsov, Andrei"]
[Black "Perrine, Dalton"]
[WhiteFideId "24108600"]
[BlackFideId "2048434"]
[WhiteElo "2728"]
[BlackElo "2509"]
[Result "0-1"]
[Round "5"]
[TimeControl "180+1"]
[Date "2023.08.08"]
[WhiteClock "0:00:10"]
[BlackClock "0:00:10"]
[Board "98"]

1. f4 d5 2. Nf3 Bg4 3. Ne5 Bf5 4. g3 Nd7 5. Nf3 Be4 6. Bg2 e5 7. fxe5 Nxe5 8. O-O Nxf3+ 9. exf3 Bg6 10. d4 Nf6 11. Qe2+ Be7 12. Qb5+ Qd7 13. Qxb7 O-O 14. Bf4 Rfb8 15. Qxc7 Qxc7 16. Bxc7 Rxb2 17. Be5 Rxc2 18. f4 Be4 19. Rf2 Rxf2 20. Kxf2 Ng4+ 21. Ke2 Bxg2 22. Nd2 Rc8 23. f5 Nxe5 24. dxe5 Bh3 25. f6 gxf6 26. exf6 Bxf6 27. Rb1 Rc2 28. Kd1 Rxa2 29. Rb8+ Kg7 30. Nb3 Bg4+ 31. Kc1 Rb2 32. h4 a5 33. Rb6 a4 34. Rb4 h5 35. Rxa4 Rxb3 36. Kc2 Rxg3 37. Kd2 Rh3 38. Ra5 Rxh4 39. Rxd5 Rh3 40. Ke1 Rf3 41. Ra5 Kg6 42. Ra4 Rf5 43. Kd2 Kg5 44. Ke3 h4 45. Ra8 Rf3+ 46. Ke4 Rf4+ 47. Ke3 Bd4+ 48. Kd3 Bf5+ 49. Ke2 Bg6 50. Ra5+ f5 51. Ra6 h3 52. Ra3 h2 53. Rh3 Rh4 54. Rg3+ Kf6 55. Ra3 h1=Q 56. Ra6+ Kg5 0-1


[Site "https://www.chess.com"]

[Event "Titled Tuesday Blitz August 08 Early 2023"]
[White "Perske, Thore"]
[Black "splendidkid"]
[WhiteFideId "12902195"]
[WhiteElo "2508"]
[BlackElo "2727"]
[Result "0-1"]
[Round "5"]
[TimeControl "180+1"]
[Date "2023.08.08"]
[WhiteClock "0:00:12"]
[BlackClock "0:00:16"]
[Board "99"]

1. d4 Nf6 2. g3 g6 3. Bg2 Bg7 4. e4 O-O 5. Nc3 d6 6. Nge2 e5 7. h3 Nbd7 8. O-O b6 9. a4 a5 10. Be3 Ba6 11. Re1 Re8 12. Qd2 exd4 13. Bxd4 Nc5 14. Nf4 Bb7 15. Nfd5 Nxd5 16. exd5 Bxd4 17. Qxd4 Qg5 18. h4 Qf5 19. Qd2 Ba6 20. Kh2 h5 21. Bh3 Qf3 22. Bg2 Qf5 23. Bh3 Qf3 24. Bg2 Qf6 25. Kg1 Kh7 26. Kh2 Kh8 27. Kg1 Kg8 28. Kh2 Bc4 29. Kg1 Rad8 30. Kh2 Qf5 31. Bh3 Qf3 32. Bg2 Qf6 33. Kg1 Re5 34. Rxe5 dxe5 35. b3 Bxb3 36. cxb3 Nxb3 37. Qb2 Nxa1 38. Qxa1 e4 39. Bxe4 Re8 40. Bg2 Re2 41. Qf1 Rc2 42. Ne4 Qd4 43. d6 cxd6 44. Qb5 d5 45. Qe8+ Kg7 46. Ng5 Qxf2+ 47. Kh2 Qxg2# 0-1


[Site "https://www.chess.com"]